 Dungeon Sprint DCSS version 0.29-a0-723-gce39da1c22 (webtiles) character file.

Game seed: 1292763823686315066

130 Hipnos the Covert (level 4, 0/21 HPs)
             Began as a Spriggan Enchanter on June 28, 2022.
             Slain by a neqoxec (8 damage)
             ... in the Dungeon (Sprint II: "The Violet Keep of Menkaure").
             The game lasted 00:00:41 (268 turns).

Hipnos the Covert (Spriggan Enchanter)               Turns: 268, Time: 00:00:42

Health: 0/21       AC:  2    Str:  2      XL:     4   Next: 90%
Magic:  8/12       EV: 18    Int: 15 (18) God:
Gold:   0          SH:  0    Dex: 13      Spells: 13/13 levels left

rFire   . . .      SeeInvis +   a - +1 dagger
rCold   . . .      Faith    .   (no shield)
rNeg    . . .      Spirit   .   b - +0 robe
rPois   .          Reflect  .   (helmet restricted)
rElec   .          Harm     .   (no cloak)
rCorr   .          Rampage  .   (gloves unavailable)
Will    .....      Rage     3%  (boots unavailable)
Stlth   ++++...... NoTele   +   (no amulet)
HPRegen 0.07/turn               (no ring)
MPRegen 0.13/turn               (no ring)

@: on berserk cooldown, slowed, quick
A: very small, no large weapons, unfitting armour, see invisible, speed 3,
berserk 1, clumsy 1, weak 1
a: no special abilities


You were in the Dungeon.
You visited 1 branch

Inventory:

Hand Weapons
 a - a +1 dagger (weapon)
Armour
 b - a +0 robe (worn)
Scrolls
 i - a scroll of blinking
Potions
 c - 2 potions of invisibility
 d - a potion of curing
 f - a potion of haste
 g - 2 potions of magic


   Skills:
 + Level 1.1 Short Blades
 + Level 4.6 Dodging
 + Level 10.2 Stealth
 + Level 5.2 Spellcasting
 + Level 8.2 Hexes


You had 13 spell levels left.
You didn't know any spells.
Your spell library contained the following spells:

 Spells                   Type           Power      Damage    Failure   Level
 Confusing Touch          Hex            28%        N/A       1%          3
 Tukima's Dance           Hex            28%        N/A       1%          3
 Ensorcelled Hibernation  Hex/Ice        32%        N/A       4%          2
 Dazzling Flash           Conj/Hex       32%        N/A       9%          3


Dungeon Overview and Level Annotations

Branches:
Dungeon (1/1)

Altars:


Innate Abilities, Weirdness & Mutations

You are very small and have problems with some larger weapons.
You are too small for most types of armour.
You have supernaturally acute eyesight. (SInv)
You cover ground extremely quickly. (Speed+++)
You sometimes lose your temper in combat.
You are clumsy. (Dex -2)
You are weak. (Str -2)


Message History

You feel weaker.
You puncture the neqoxec!
The neqoxec is heavily wounded.
You hit the neqoxec.
The neqoxec is severely wounded.
The neqoxec hits you!
You barely miss the neqoxec.
The neqoxec is severely wounded.
The neqoxec hits you.
* * * LOW HITPOINT WARNING * * *
You closely miss the neqoxec.
The neqoxec is severely wounded.
You hear a shout!
You puncture the neqoxec!
The neqoxec is almost dead.
The neqoxec gestures at you.
You feel dopey. Something feeds on your intellect!
You barely miss the neqoxec.
The neqoxec is almost dead.
You are no longer berserk.
You are exhausted.
You feel yourself slow down. The neqoxec completely misses you.
You hit the neqoxec but do no damage.
The neqoxec is almost dead.
The neqoxec hits you.
* * * LOW HITPOINT WARNING * * *
You feel much better. The neqoxec misses you. The neqoxec hits you.
You hit the neqoxec but do no damage.
The neqoxec is almost dead.
The neqoxec hits you!
You hit the neqoxec but do no damage.
The neqoxec is almost dead.
The neqoxec gestures at you.
Strange energies course through your body.
You feel a little pissed off.
You barely miss the neqoxec.
The neqoxec is almost dead.
The neqoxec hits you!
You die...

## # ##.###+#
w#
#..B##.##.#
+###+.<.+#
#.B.##.##w..#
##.# #'## w##
## ##@# #
##3# ##


You could see a neqoxec.

Vanquished Creatures
  A neqoxec (D)
1 creature vanquished.

Vanquished Creatures (others)
  A water moccasin (D)
1 creature vanquished.

Grand Total: 2 creatures vanquished

Notes
Turn   | Place    | Note
-------+----------+-------------------------------------------
     0 | D        | Hipnos the Spriggan Enchanter began the quest for the Orb.
     0 | D        | Reached XP level 1. HP: 9/9 MP: 5/5
     1 | D        | Noticed a boulder beetle
     1 | D        | Noticed a boulder beetle
   241 | D        | Noticed a neqoxec
   249 | D        | Gained mutation: You are clumsy. (Dex -2) [a neqoxec]
   250 | D        | Killed a neqoxec
   251 | D        | Reached skill level 10 in Stealth
   251 | D        | Reached skill level 5 in Spellcasting
   251 | D        | Reached XP level 2. HP: 13/13 MP: 6/9
   251 | D        | Reached XP level 3. HP: 16/16 MP: 6/10
   251 | D        | Reached XP level 4. HP: 21/21 MP: 7/12
   252 | D        | Killed a water moccasin
   252 | D        | Noticed a neqoxec
   257 | D        | Gained mutation: You are weak. (Str -2) [a neqoxec]
   267 | D        | Gained mutation: You sometimes lose your temper in combat.
                  | [a neqoxec]
   268 | D        | Slain by a neqoxec

Illustrated notes

Levels and vault maps discovered:
D:        the_violet_keep_of_menkaure [sprint2_stairs_cluster_1,
          sprint2_shoproom, sprint2_temple, sprint2_basic_supplies,
          sprint2_obstacle_2, sprint2_obstacle_7, sprint2_obstacle_4,
          sprint2_obstacle_1, sprint2_obstacle_3, sprint2_timed_cluster_1,
          sprint2_smallroom_cluster_1, sprint2_smallroom_final_cluster_1,
          sprint2_transparent_cluster_1, sprint2_second_timed_cluster_1,
          sprint2_sniper_area_1, sprint2_heavy_combat_area_1,
          sprint2_mutation_trap_area_1, sprint2_forest_area_1,
          sprint2_light_combat_area_1, sprint2_behind_water_1,
          sprint2_near_end_vault_1]

Skill      XL: |  1 |
---------------+----+-----
Dodging        | 4 |  4.6
Stealth        | 10 | 10.2
Spellcasting   | 5 |  5.2
Hexes          | 8 |  8.2
Short Blades   | |  1.1

Action                   |  1- 3 |  4- 6 || total
-------------------------+-------+-------++-------
Melee: Dagger            |     6 |    15 ||    21
       Punch             |     1 |       ||     1
  Use: Potion            |     1 |     1 ||     2
 Stab: Sleeping          |     1 |       ||     1
Dodge: Dodged            |     2 |     3 ||     5

Table legend: (Time is in decaauts)
 A = Elapsed time spent in this place.
 B = Non-inter-level travel time spent in this place.
 C = Inter-level travel time spent in this place.
 D = Time resting spent in this place.
 E = Time spent auto-exploring this place.
 F = Levels seen in this place.
 G = Mean time per level.
                   A        B        C        D        E       F      G
               +--------+--------+--------+--------+--------+-----+--------+
         Total |    258 |    258 |      0 |    229 |      0 |   1 |  258.0 |
       Dungeon |    258 |    258 |      0 |    229 |      0 |   1 |  258.0 |
               +--------+--------+--------+--------+--------+-----+--------+

Top non-repeatable levels by time:
       D: 258 daAuts
